Crunch vs Admirals NSH

Created - Thursday, January 15, 2015 at 01:02

Goals
1 2 3 T
Crunch 0 0 1 1
Admirals NSH 0 0 0 0
Shots
1 2 3 T
Crunch 10 4 14 28
Admirals NSH 3 8 3 14

1st period

No Goal

Penalties :
No Penalty

2nd period

No Goal

Penalties :
Jamie Tardif (MIL) for High sticking (Minor) at 11:22

3rd period

1. Crunch , Karl Stollery 3 (Eriah Hayes, Jordin Tootoo) at 8:43

Penalties :
Matt Fraser (MIL) for Fighting (Major) at 0:37, Danny Syvret (SYR) for Fighting (Major) at 0:37, Jordin Tootoo (SYR) for Hooking (Minor) at 1:20, Zach Trotman (SYR) for High sticking (Minor) at 5:42

Goalie Stats

Richard Bachman (SYR), 14 saves from 14 shots - (1.000), W, 12-6-2, 60:00 minutes
Johan Gustafsson (MIL), 27 saves from 28 shots - (0.964), L, 14-31-4, 59:28 minutes

Players Stats for Crunch

Player Name              G  A  P  +/- PIM S  H  SB GA TA FO     MP     PP MP  PK MP  
------------------------------------------------------------------------------------
Andre Petersson          0  0  0   0  0   2  0  0  0  0  0/0    17:06   1:15   0:00 
Anton Zlobin             0  0  0   0  0   1  0  0  1  0  0/0     2:50   0:00   0:00 
Brett Skinner            0  0  0   0  0   0  2  2  0  1  0/0    18:22   0:00   2:29 
Brodie Reid              0  0  0   0  0   1  0  1  1  0  0/0    12:19   0:00   0:00 
Chad Billins             0  0  0   0  0   3  1  1  1  0  0/0    21:59   1:04   1:29 
Corban Knight            0  0  0   1  0   0  1  0  0  2  3/5    15:46   0:44   0:00 
Danny Syvret             0  0  0   0  5   0  0  1  0  2  0/0    19:03   1:04   0:43 
Eriah Hayes              0  1  1   1  0   3  1  0  2  0  0/0    15:46   0:44   0:00 
Jordin Tootoo            0  1  1   1  2   2  1  0  4  0  1/2    18:56   0:44   0:00 
Karl Stollery            1  0  1   1  0   3  2  0  0  1  0/0    19:57   0:55   0:00 
Matt Lindblad            0  0  0   0  0   1  2  0  4  0  0/0    13:30   0:00   1:35 
Nick Jensen              0  0  0   0  0   0  1  0  1  1  0/0    19:49   0:00   3:15 
Phillip Danault          0  0  0   0  0   1  0  0  1  1  5/8    14:31   0:00   1:35 
Ryan Strome              0  0  0   0  0   3  2  1  1  0  7/10   15:59   1:15   0:00 
Stanislav Galiev         0  0  0   0  0   0  2  0  1  2  0/0    14:45   0:00   2:23 
Taylor Pyatt             0  0  0   0  0   6  0  0  4  0  0/0    19:42   1:15   0:00 
Travis Oleksuk           0  0  0   0  0   1  0  1  1  1  1/3    14:45   0:00   2:23 
Zach Trotman             0  0  0   1  2   1  3  0  0  2  0/0    20:44   0:55   0:00 

Players Stats for Admirals NSH

Player Name              G  A  P  +/- PIM S  H  SB GA TA FO     MP     PP MP  PK MP  
------------------------------------------------------------------------------------
Adam Cracknell           0  0  0   0  0   0  1  0  0  0  4/11   20:43   1:53   0:40 
Alexey Marchenko         0  0  0   0  0   1  1  3  0  4  0/0    20:10   2:24   1:03 
Brody Sutter             0  0  0  -1  0   3  2  1  1  0  5/11   22:21   2:12   0:00 
Cameron Schilling        0  0  0   0  0   1  2  0  1  0  0/0    15:35   0:00   0:00 
Corey Tropp              0  0  0  -1  0   0  1  0  3  0  1/3    20:20   1:07   0:01 
Farm Player71            0  0  0   0  0   0  0  0  0  0  0/1    13:50   1:01   0:52 
Frederic St. Denis       0  0  0   0  0   0  0  0  0  0  0/0     2:05   0:00   0:00 
Fredrik Claesson         0  0  0  -1  0   0  0  4  0  3  0/0    24:35   1:34   0:56 
Jamie Tardif             0  0  0   0  2   2  1  0  2  0  0/0    18:40   2:12   0:00 
Jyrki Jokipakka          0  0  0  -1  0   1  0  0  2  0  0/0    24:35   1:34   0:56 
Lane MacDermid           0  0  0   0  0   0  0  0  0  0  0/0     0:41   0:00   0:00 
Marcel Noebels           0  0  0  -1  0   1  1  0  0  0  0/0    15:37   0:00   0:00 
Matt Fraser              0  0  0   0  5   1  0  2  3  0  0/0    17:55   1:24   0:42 
Mike Blunden             0  0  0   0  0   1  1  1  2  0  0/0    17:42   0:17   0:10 
Nikita Nesterov          0  0  0   0  0   0  1  2  0  0  0/0    15:50   0:00   0:00 
Patrick Mullen           0  0  0   0  0   0  2  0  1  1  0/0    19:48   2:24   1:03 
Pierre-Cedric Labrie     0  0  0   0  0   2  4  1  3  0  0/0    20:18   1:48   0:57 
Zach Hamill              0  0  0   0  0   1  1  0  1  0  1/2     7:04   0:00   0:36 

3 Stars

1 - Johan Gustafsson (MIL)
2 - Richard Bachman (SYR)
3 - Karl Stollery (SYR)

Power Play

Crunch - 0 on 1 Attempt(s) - 0.00%
Admirals NSH - 0 on 2 Attempt(s) - 0.00%

Penalty Kill

Crunch - 2 on 2 Attempt(s) - 100.00% - Score 0 goal in Penalty Kill
Admirals NSH - 1 on 1 Attempt(s) - 100.00% - Score 0 goal in Penalty Kill

Team Stat

Crunch - Hits : 18 - Faceoff Wins : 17 - Blocked Shots : 7 - Penalty Minutes : 9
Admirals NSH - Hits : 18 - Faceoff Wins : 11 - Blocked Shots : 14 - Penalty Minutes : 7

Official

Referees : Unknown
Linesman : Unknown

Game Notes

3:49 of 1st period - Crunch goal is going for a video replay. After video review, No Goal. The attacking player has interfered with a goalkeeper in his goal crease.
Anton Zlobin is injured at 12:35 of 1st period (Lower Body)
Matt Fraser beats up Danny Syvret at 0:37 of 3rd period
Ryan Strome is injured at 16:23 of 3rd period (Upper Body)

Finance

Level 1 -- Attendance: 1633 (81.65%) -- Ticket Income $57,155
Level 2 -- Attendance: 817 (81.70%) -- Ticket Income $12,255
Total Attendance: 2450 (81.67%)
Total Ticket Income: $69,410
Other Income: $34,011
Total Income: $103,421

Crunch

5 vs 5 Forward 
   Center                   Left Wing                Right Wing               Time % Phy DF OF 
 1 Ryan Strome              Andre Petersson          Taylor Pyatt             35     1   2  2  
 2 Corban Knight            Jordin Tootoo            Eriah Hayes              35     1   2  2  
 3 Travis Oleksuk           Stanislav Galiev         Anton Zlobin             15     1   2  2  
 4 Phillip Danault          Matt Lindblad            Brodie Reid              15     1   2  2  

5 vs 5 Defense 
   Defense                  Defense                                           Time % Phy DF OF 
 1 Danny Syvret             Chad Billins                                      34     1   2  2  
 2 Zach Trotman             Karl Stollery                                     33     1   2  2  
 3 Nick Jensen              Brett Skinner                                     33     1   2  2  
 4 Danny Syvret             Chad Billins                                      0      0   5  0  

PowerPlay Forward 
   Center                   Left Wing                Right Wing               Time % Phy DF OF 
 1 Ryan Strome              Andre Petersson          Taylor Pyatt             60     0   1  4  
 2 Corban Knight            Jordin Tootoo            Eriah Hayes              40     0   2  3  

PowerPlay Defense
   Defense                  Defense                                           Time % Phy DF OF 
 1 Danny Syvret             Chad Billins                                      60     0   2  3  
 2 Zach Trotman             Karl Stollery                                     40     0   2  3  

Penalty Kill 4 Players Forward 
   Center                   Wing                     Time % Phy DF OF 
 1 Travis Oleksuk           Stanislav Galiev         50     1   4  0  
 2 Phillip Danault          Matt Lindblad            50     1   4  0  

Penalty Kill 4 Players Defense
   Defense                  Defense                  Time % Phy DF OF 
 1 Nick Jensen              Brett Skinner            50     1   4  0  
 2 Danny Syvret             Chad Billins             50     1   4  0  

Penalty Kill - 3 Players Forward 
   Forward                                           Time % Phy DF OF 
 1 Travis Oleksuk                                    50     1   4  0  
 2 Phillip Danault                                   50     1   4  0  

Penalty Kill - 3 Players Defense
   Defense                  Defense                  Time % Phy DF OF 
 1 Nick Jensen              Brett Skinner            50     1   4  0  
 2 Danny Syvret             Chad Billins             50     1   4  0  

4 vs 4 Forward 
   Center                   Wing                     Time % Phy DF OF 
 1 Ryan Strome              Taylor Pyatt             60     0   1  4  
 2 Corban Knight            Jordin Tootoo            40     1   2  2  

4 vs 4 Defense
   Defense                  Defense                  Time % Phy DF OF 
 1 Danny Syvret             Chad Billins             50     1   2  2  
 2 Zach Trotman             Karl Stollery            50     1   2  2  

Last Minutes Offensive
   Center                   Left Wing                Right Wing               Defense                  Defense                  
   Ryan Strome              Andre Petersson          Taylor Pyatt             Danny Syvret             Chad Billins             

Last Minutes Defensive
   Center                   Left Wing                Right Wing               Defense                  Defense                  
   Ryan Strome              Andre Petersson          Taylor Pyatt             Danny Syvret             Chad Billins             

Goaltenders
Starting : Richard Bachman          
Backup : Michael Houser           

Extra Forwards
Normal : Taylor Pyatt, Ryan Strome, Jordin Tootoo - PP : Taylor Pyatt, Ryan Strome - PK : Taylor Pyatt
Extra Defensemen
Normal : Danny Syvret, Chad Billins, Zach Trotman - PP : Danny Syvret - PK : Danny Syvret, Chad Billins
Penalty Shots
Andre Petersson, Ryan Strome, Eriah Hayes, Jordin Tootoo, Corban Knight

Admirals NSH

5 vs 5 Forward 
   Center                   Left Wing                Right Wing               Time % Phy DF OF 
 1 Adam Cracknell           Mike Blunden             Corey Tropp              28     1   2  2  
 2 Brody Sutter             Pierre-Cedric Labrie     Matt Fraser              28     1   2  2  
 3 Adam Cracknell           Pierre-Cedric Labrie     Jamie Tardif             22     1   2  2  
 4 Corey Tropp              Marcel Noebels           Brody Sutter             22     1   2  2  

5 vs 5 Defense 
   Defense                  Defense                                           Time % Phy DF OF 
 1 Fredrik Claesson         Jyrki Jokipakka                                   30     1   2  2  
 2 Patrick Mullen           Alexey Marchenko                                  28     1   2  2  
 3 Nikita Nesterov          Cameron Schilling                                 21     1   2  2  
 4 Fredrik Claesson         Jyrki Jokipakka                                   21     1   2  2  

PowerPlay Forward 
   Center                   Left Wing                Right Wing               Time % Phy DF OF 
 1 Adam Cracknell           Pierre-Cedric Labrie     Corey Tropp              60     1   2  2  
 2 Brody Sutter             Jamie Tardif             Matt Fraser              40     1   2  2  

PowerPlay Defense
   Defense                  Defense                                           Time % Phy DF OF 
 1 Fredrik Claesson         Jyrki Jokipakka                                   60     1   2  2  
 2 Patrick Mullen           Alexey Marchenko                                  40     1   2  2  

Penalty Kill 4 Players Forward 
   Center                   Wing                     Time % Phy DF OF 
 1 Adam Cracknell           Jamie Tardif             60     1   2  2  
 2 Corey Tropp              Brody Sutter             40     1   2  2  

Penalty Kill 4 Players Defense
   Defense                  Defense                  Time % Phy DF OF 
 1 Fredrik Claesson         Jyrki Jokipakka          60     1   2  2  
 2 Patrick Mullen           Alexey Marchenko         40     1   2  2  

Penalty Kill - 3 Players Forward 
   Forward                                           Time % Phy DF OF 
 1 Brody Sutter                                      60     1   2  2  
 2 Corey Tropp                                       40     1   2  2  

Penalty Kill - 3 Players Defense
   Defense                  Defense                  Time % Phy DF OF 
 1 Fredrik Claesson         Jyrki Jokipakka          60     1   2  2  
 2 Patrick Mullen           Alexey Marchenko         40     1   2  2  

4 vs 4 Forward 
   Center                   Wing                     Time % Phy DF OF 
 1 Adam Cracknell           Pierre-Cedric Labrie     60     1   2  2  
 2 Corey Tropp              Brody Sutter             40     1   2  2  

4 vs 4 Defense
   Defense                  Defense                  Time % Phy DF OF 
 1 Fredrik Claesson         Jyrki Jokipakka          60     1   2  2  
 2 Patrick Mullen           Alexey Marchenko         40     1   2  2  

Last Minutes Offensive
   Center                   Left Wing                Right Wing               Defense                  Defense                  
   Adam Cracknell           Mike Blunden             Corey Tropp              Fredrik Claesson         Jyrki Jokipakka          

Last Minutes Defensive
   Center                   Left Wing                Right Wing               Defense                  Defense                  
   Adam Cracknell           Mike Blunden             Corey Tropp              Fredrik Claesson         Jyrki Jokipakka          

Goaltenders
Starting : Johan Gustafsson         
Backup : Jeremy Smith             

Extra Forwards
Normal : Jamie Tardif, Pierre-Cedric Labrie, Corey Tropp - PP : Jamie Tardif, Pierre-Cedric Labrie - PK : Corey Tropp
Extra Defensemen
Normal : Nikita Nesterov, Cameron Schilling, Patrick Mullen - PP : Nikita Nesterov - PK : Cameron Schilling, Patrick Mullen
Penalty Shots
Pierre-Cedric Labrie, Adam Cracknell, Corey Tropp, Brody Sutter, Mike Blunden

% Time on Ice - Crunch

Lines # - Real PCT - Wanted PCT - Time Play
Normal Forward
1 - 26% - 35% - 13:56
2 - 30% - 35% - 15:43
3 - 23% - 15% - 12:23
4 - 21% - 15% - 11:14
Normal Defense
1 - 34% - 34% - 17:51
2 - 36% - 33% - 19:08
3 - 30% - 33% - 15:53
4 - 1% - 0% - 0:24
PP Forward
1 - 63% - 60% - 1:15
2 - 37% - 40% - 0:44
PP Defense
1 - 54% - 60% - 1:04
2 - 46% - 40% - 0:55
PK Forward
1 - 60% - 50% - 2:23
2 - 40% - 50% - 1:35
PK Defense
1 - 63% - 50% - 2:29
2 - 37% - 50% - 1:29
PK3 Forward
1 - 0% - 50%
2 - 0% - 50%
PK3 Defense
1 - 0% - 50%
2 - 0% - 50%
44 Forward
1 - 0% - 60%
2 - 0% - 40%
44 Defense
1 - 0% - 50%
2 - 0% - 50%
Last Minute Offensive  - 0:00
Last Minute Defensive  - 0:47
Total
Forward - 60:00
Defense - 60:00

% Time on Ice - Admirals NSH

Lines # - Real PCT - Wanted PCT - Time Play
Normal Forward
1 - 28% - 28% - 14:57
2 - 24% - 28% - 12:38
3 - 21% - 22% - 11:22
4 - 27% - 22% - 14:30
Normal Defense
1 - 25% - 30% - 13:33
2 - 31% - 28% - 16:19
3 - 29% - 21% - 15:35
4 - 15% - 21% - 8:00
PP Forward
1 - 28% - 60% - 1:07
2 - 72% - 40% - 2:51
PP Defense
1 - 39% - 60% - 1:34
2 - 61% - 40% - 2:24
PK Forward
1 - 100% - 60% - 1:59
2 - 0% - 40% - 0:00
PK Defense
1 - 47% - 60% - 0:56
2 - 53% - 40% - 1:03
PK3 Forward
1 - 0% - 60%
2 - 0% - 40%
PK3 Defense
1 - 0% - 60%
2 - 0% - 40%
44 Forward
1 - 0% - 60%
2 - 0% - 40%
44 Defense
1 - 0% - 60%
2 - 0% - 40%
Last Minute Offensive  - 0:36
Last Minute Defensive  - 0:00
Total
Forward - 60:00
Defense - 60:00

Play by Play

1st period


0:01 of 1st period - Ryan Strome wins face-off versus Adam Cracknell in neutral zone.
0:45 of 1st period - Icing by Jyrki Jokipakka.
0:46 of 1st period - Brody Sutter wins face-off versus Corban Knight in Admirals NSH zone.
1:04 of 1st period - Karl Stollery is hit by Pierre-Cedric Labrie and loses puck.
2:02 of 1st period - Adam Cracknell is hit by Karl Stollery and loses puck.
2:40 of 1st period - Snap shot by Mike Blunden.
2:40 of 1st period - Shot Blocked by Brett Skinner.
2:42 of 1st period - Snap shot by Mike Blunden.
2:42 of 1st period - Shot Misses the Net.
2:56 of 1st period - Snap shot by Pierre-Cedric Labrie.
2:56 of 1st period - Stopped by Richard Bachman with a rebound.
3:26 of 1st period - Taylor Pyatt is hit by Marcel Noebels and loses puck.
3:45 of 1st period - Wrist shot by Taylor Pyatt.
3:45 of 1st period - Shot Hit the Post.
3:47 of 1st period - Slapshot by Chad Billins.
3:47 of 1st period - Shot Blocked by Alexey Marchenko.
3:49 of 1st period - Snap shot by Ryan Strome.
3:49 of 1st period - Crunch goal is going for a video replay.
3:49 of 1st period - The goal is refused. The attacking player has interfered with a goalkeeper in his goal crease..
3:50 of 1st period - Adam Cracknell wins face-off versus Corban Knight in Admirals NSH zone.
4:46 of 1st period - Slapshot by Anton Zlobin.
4:46 of 1st period - Shot Blocked by Matt Fraser.
4:48 of 1st period - Snap shot by Anton Zlobin.
4:48 of 1st period - Shot Misses the Net.
5:20 of 1st period - Wrist shot by Ryan Strome.
5:20 of 1st period - Shot Blocked by Alexey Marchenko.
5:22 of 1st period - Backhand shot by Karl Stollery.
5:22 of 1st period - Shot Hit the Post.
5:24 of 1st period - Slapshot by Taylor Pyatt.
5:24 of 1st period - Stopped by Johan Gustafsson with a rebound.
5:26 of 1st period - Snap shot by Ryan Strome.
5:26 of 1st period - Stopped by Johan Gustafsson with a rebound.
6:04 of 1st period - Alexey Marchenko is hit by Matt Lindblad and loses puck.
8:19 of 1st period - Wrist shot by Andre Petersson.
8:19 of 1st period - Stopped by Johan Gustafsson with a rebound.
8:25 of 1st period - Karl Stollery is hit by Pierre-Cedric Labrie.
9:12 of 1st period - Matt Lindblad is hit by Pierre-Cedric Labrie and loses puck.
9:35 of 1st period - Slapshot by Jyrki Jokipakka.
9:35 of 1st period - Shot Misses the Net.
9:51 of 1st period - Cameron Schilling is hit by Eriah Hayes.
10:29 of 1st period - Backhand shot by Zach Hamill.
10:29 of 1st period - Stopped by Richard Bachman with a rebound.
10:31 of 1st period - Slapshot by Jyrki Jokipakka.
10:31 of 1st period - Deflect By Jordin Tootoo.
10:31 of 1st period - Stopped by Richard Bachman with a rebound.
11:17 of 1st period - Wrist shot by Taylor Pyatt.
11:17 of 1st period - Stopped by Johan Gustafsson with a rebound.
11:31 of 1st period - Taylor Pyatt is hit by Pierre-Cedric Labrie and loses puck.
12:10 of 1st period - Snap shot by Anton Zlobin.
12:10 of 1st period - Stopped by Johan Gustafsson with a rebound.
12:30 of 1st period - Alexey Marchenko is hit by Stanislav Galiev.
12:34 of 1st period - Anton Zlobin is hit by Mike Blunden and loses puck.
12:35 of 1st period - Anton Zlobin from Crunch is injured at 12:35 of 1st period (Lower Body).
12:36 of 1st period - Ryan Strome wins face-off versus Corey Tropp in Crunch zone.
13:48 of 1st period - Backhand shot by Eriah Hayes.
13:48 of 1st period - Shot Misses the Net.
13:50 of 1st period - Wrist shot by Zach Trotman.
13:50 of 1st period - Stopped by Johan Gustafsson without a rebound.
13:51 of 1st period - Phillip Danault wins face-off versus Adam Cracknell in Admirals NSH zone.
14:02 of 1st period - Wrist shot by Phillip Danault.
14:02 of 1st period - Shot Misses the Net.
14:12 of 1st period - Slapshot by Jamie Tardif.
14:12 of 1st period - Shot Misses the Net.
14:14 of 1st period - Wrist shot by Adam Cracknell.
14:14 of 1st period - Shot Misses the Net.
14:52 of 1st period - Snap shot by Taylor Pyatt.
14:52 of 1st period - Shot Misses the Net.
14:54 of 1st period - Snap shot by Taylor Pyatt.
14:54 of 1st period - Stopped by Johan Gustafsson with a rebound.
14:56 of 1st period - Slapshot by Stanislav Galiev.
14:56 of 1st period - Shot Misses the Net.
15:06 of 1st period - Snap shot by Travis Oleksuk.
15:06 of 1st period - Shot Blocked by Matt Fraser.
15:29 of 1st period - Snap shot by Jordin Tootoo.
15:29 of 1st period - Stopped by Johan Gustafsson with a rebound.
15:51 of 1st period - Corey Tropp is hit by Corban Knight.
16:47 of 1st period - Icing by Marcel Noebels.
16:48 of 1st period - Adam Cracknell wins face-off versus Phillip Danault in Admirals NSH zone.
16:55 of 1st period - Brett Skinner is hit by Nikita Nesterov and loses puck.
17:06 of 1st period - Wrist shot by Matt Lindblad.
17:06 of 1st period - Shot Blocked by Brody Sutter.
17:08 of 1st period - Slapshot by Nick Jensen.
17:08 of 1st period - Shot Misses the Net.
17:47 of 1st period - Snap shot by Stanislav Galiev.
17:47 of 1st period - Shot Blocked by Nikita Nesterov.
18:23 of 1st period - Snap shot by Eriah Hayes.
18:23 of 1st period - Stopped by Johan Gustafsson with a rebound.
18:50 of 1st period - Wrist shot by Pierre-Cedric Labrie.
18:50 of 1st period - Shot Hit the Post.
18:58 of 1st period - Jyrki Jokipakka is hit by Ryan Strome and loses puck.
19:37 of 1st period - Patrick Mullen is hit by Matt Lindblad and loses puck.
Goals for this period are 0 for Crunch vs 0 for Admirals NSH.
Shots for this period are 10 for Crunch vs 3 for Admirals NSH.

2nd period


0:01 of 2nd period - Ryan Strome wins face-off versus Brody Sutter in neutral zone.
2:55 of 2nd period - Snap shot by Brody Sutter.
2:55 of 2nd period - Shot Misses the Net.
2:57 of 2nd period - Slapshot by Fredrik Claesson.
2:57 of 2nd period - Shot Blocked by Brodie Reid.
2:59 of 2nd period - Snap shot by Marcel Noebels.
2:59 of 2nd period - Stopped by Richard Bachman with a rebound.
3:20 of 2nd period - Wrist shot by Brody Sutter.
3:20 of 2nd period - Stopped by Richard Bachman with a rebound.
4:24 of 2nd period - Brody Sutter is hit by Zach Trotman.
4:40 of 2nd period - Snap shot by Jordin Tootoo.
4:40 of 2nd period - Stopped by Johan Gustafsson with a rebound.
4:42 of 2nd period - Slapshot by Chad Billins.
4:42 of 2nd period - Stopped by Johan Gustafsson with a rebound.
6:40 of 2nd period - Icing by Zach Hamill.
6:41 of 2nd period - Brody Sutter wins face-off versus Ryan Strome in Admirals NSH zone.
6:51 of 2nd period - Chad Billins is hit by Cameron Schilling and loses puck.
7:51 of 2nd period - Slapshot by Matt Fraser.
7:51 of 2nd period - Stopped by Richard Bachman with a rebound.
7:53 of 2nd period - Slapshot by Jyrki Jokipakka.
7:53 of 2nd period - Shot Misses the Net.
7:55 of 2nd period - Slapshot by Mike Blunden.
7:55 of 2nd period - Shot Blocked by Travis Oleksuk.
8:15 of 2nd period - Wrist shot by Eriah Hayes.
8:15 of 2nd period - Stopped by Johan Gustafsson with a rebound.
8:40 of 2nd period - Brett Skinner is hit by Alexey Marchenko.
9:09 of 2nd period - Snap shot by Jamie Tardif.
9:09 of 2nd period - Stopped by Richard Bachman without a rebound.
9:10 of 2nd period - Ryan Strome wins face-off versus Farm Player71 in Crunch zone.
10:33 of 2nd period - Zach Hamill is hit by Karl Stollery and loses puck.
11:08 of 2nd period - Brodie Reid is hit by Corey Tropp and loses puck.
11:22 of 2nd period - Minor Penalty to Jamie Tardif for High sticking.
11:23 of 2nd period - Ryan Strome wins face-off versus Adam Cracknell in Admirals NSH zone.
11:29 of 2nd period - Slapshot by Taylor Pyatt.
11:29 of 2nd period - Shot Misses the Net.
12:26 of 2nd period - Slapshot by Alexey Marchenko.
12:26 of 2nd period - Stopped by Richard Bachman without a rebound.
12:27 of 2nd period - Zach Hamill wins face-off versus Ryan Strome in Crunch zone.
12:34 of 2nd period - Snap shot by Pierre-Cedric Labrie.
12:34 of 2nd period - Stopped by Richard Bachman with a rebound.
13:22 of 2nd period - Penalty to Jamie Tardif is over, Jamie Tardif is back on ice.
13:37 of 2nd period - Snap shot by Travis Oleksuk.
13:37 of 2nd period - Shot Blocked by Fredrik Claesson.
13:43 of 2nd period - Wrist shot by Travis Oleksuk.
13:43 of 2nd period - Shot Blocked by Fredrik Claesson.
13:45 of 2nd period - Slapshot by Brodie Reid.
13:45 of 2nd period - Stopped by Johan Gustafsson with a rebound.
13:47 of 2nd period - Snap shot by Travis Oleksuk.
13:47 of 2nd period - Shot Blocked by Fredrik Claesson.
15:00 of 2nd period - Snap shot by Pierre-Cedric Labrie.
15:00 of 2nd period - Shot Blocked by Ryan Strome.
16:08 of 2nd period - Wrist shot by Matt Fraser.
16:08 of 2nd period - Shot Blocked by Chad Billins.
16:10 of 2nd period - Slapshot by Brody Sutter.
16:10 of 2nd period - Stopped by Richard Bachman with a rebound.
16:26 of 2nd period - Karl Stollery is hit by Jamie Tardif.
16:34 of 2nd period - Snap shot by Eriah Hayes.
16:34 of 2nd period - Shot Blocked by Alexey Marchenko.
16:54 of 2nd period - Cameron Schilling is hit by Stanislav Galiev and loses puck.
17:16 of 2nd period - Slapshot by Cameron Schilling.
17:16 of 2nd period - Stopped by Richard Bachman without a rebound.
17:17 of 2nd period - Phillip Danault wins face-off versus Zach Hamill in Crunch zone.
17:47 of 2nd period - Zach Hamill is hit by Chad Billins and loses puck.
19:04 of 2nd period - Andre Petersson is hit by Cameron Schilling and loses puck.
19:17 of 2nd period - Patrick Mullen is hit by Zach Trotman and loses puck.
19:28 of 2nd period - Andre Petersson is hit by Patrick Mullen and loses puck.
19:49 of 2nd period - Snap shot by Mike Blunden.
19:49 of 2nd period - Shot Misses the Net.
Goals for this period are 0 for Crunch vs 0 for Admirals NSH.
Shots for this period are 4 for Crunch vs 8 for Admirals NSH.

3rd period


0:01 of 3rd period - Ryan Strome wins face-off versus Brody Sutter in neutral zone.
0:06 of 3rd period - Wrist shot by Taylor Pyatt.
0:06 of 3rd period - Deflect By Fredrik Claesson.
0:06 of 3rd period - Shot Misses the Net.
0:06 of 3rd period - Puck is out of play.
0:07 of 3rd period - Ryan Strome wins face-off versus Brody Sutter in Admirals NSH zone.
0:37 of 3rd period - Matt Fraser beats up Danny Syvret.
0:37 of 3rd period - Penalty to Matt Fraser for Fighting.
0:37 of 3rd period - Penalty to Danny Syvret for Fighting.
0:38 of 3rd period - Corban Knight wins face-off versus Adam Cracknell in Crunch zone.
1:20 of 3rd period - Minor Penalty to Jordin Tootoo for Hooking.
1:21 of 3rd period - Travis Oleksuk wins face-off versus Brody Sutter in Crunch zone.
1:42 of 3rd period - Snap shot by Brody Sutter.
1:42 of 3rd period - Shot Misses the Net.
2:11 of 3rd period - Corey Tropp is hit by Nick Jensen.
2:20 of 3rd period - Wrist shot by Pierre-Cedric Labrie.
2:20 of 3rd period - Shot Misses the Net.
2:36 of 3rd period - Snap shot by Travis Oleksuk.
2:36 of 3rd period - Stopped by Johan Gustafsson without a rebound.
2:37 of 3rd period - Brody Sutter wins face-off versus Travis Oleksuk in Admirals NSH zone.
3:06 of 3rd period - Wrist shot by Jamie Tardif.
3:06 of 3rd period - Stopped by Richard Bachman without a rebound.
3:07 of 3rd period - Phillip Danault wins face-off versus Brody Sutter in Crunch zone.
3:20 of 3rd period - Penalty to Jordin Tootoo is over, Jordin Tootoo is back on ice.
4:57 of 3rd period - Fredrik Claesson is hit by Jordin Tootoo.
5:30 of 3rd period - Wrist shot by Corey Tropp.
5:30 of 3rd period - Shot Misses the Net.
5:42 of 3rd period - Minor Penalty to Zach Trotman for High sticking.
5:43 of 3rd period - Brody Sutter wins face-off versus Phillip Danault in Crunch zone.
6:21 of 3rd period - Adam Cracknell is hit by Brett Skinner and loses puck.
7:42 of 3rd period - Penalty to Zach Trotman is over, Zach Trotman is back on ice.
8:11 of 3rd period - Corey Tropp is hit by Ryan Strome and loses puck.
8:39 of 3rd period - Slapshot by Eriah Hayes.
8:39 of 3rd period - Shot Blocked by Fredrik Claesson.
8:41 of 3rd period - Slapshot by Karl Stollery.
8:41 of 3rd period - Stopped by Johan Gustafsson with a rebound.
8:43 of 3rd period - Slapshot by Karl Stollery.
8:43 of 3rd period - Goal by Karl Stollery - Crunch : 1 - Admirals NSH : 0.
8:44 of 3rd period - Corban Knight wins face-off versus Adam Cracknell in neutral zone.
8:57 of 3rd period - Wrist shot by Eriah Hayes.
8:57 of 3rd period - Stopped by Johan Gustafsson with a rebound.
8:59 of 3rd period - Slapshot by Karl Stollery.
8:59 of 3rd period - Stopped by Johan Gustafsson with a rebound.
9:01 of 3rd period - Slapshot by Karl Stollery.
9:01 of 3rd period - Shot Misses the Net.
9:34 of 3rd period - Icing by Cameron Schilling.
9:35 of 3rd period - Adam Cracknell wins face-off versus Ryan Strome in Admirals NSH zone.
9:56 of 3rd period - Wrist shot by Ryan Strome.
9:56 of 3rd period - Stopped by Johan Gustafsson with a rebound.
9:58 of 3rd period - Snap shot by Ryan Strome.
9:58 of 3rd period - Shot Misses the Net.
10:00 of 3rd period - Wrist shot by Andre Petersson.
10:00 of 3rd period - Stopped by Johan Gustafsson with a rebound.
10:02 of 3rd period - Slapshot by Chad Billins.
10:02 of 3rd period - Stopped by Johan Gustafsson with a rebound.
10:04 of 3rd period - Snap shot by Taylor Pyatt.
10:04 of 3rd period - Stopped by Johan Gustafsson with a rebound.
10:06 of 3rd period - Snap shot by Taylor Pyatt.
10:06 of 3rd period - Shot Blocked by Nikita Nesterov.
10:20 of 3rd period - Slapshot by Phillip Danault.
10:20 of 3rd period - Stopped by Johan Gustafsson without a rebound.
10:21 of 3rd period - Adam Cracknell wins face-off versus Phillip Danault in Admirals NSH zone.
10:26 of 3rd period - Wrist shot by Jamie Tardif.
10:26 of 3rd period - Shot Blocked by Brett Skinner.
10:58 of 3rd period - Snap shot by Matt Lindblad.
10:58 of 3rd period - Stopped by Johan Gustafsson with a rebound.
11:22 of 3rd period - Eriah Hayes is hit by Adam Cracknell.
12:49 of 3rd period - Chad Billins is hit by Zach Hamill and loses puck.
13:40 of 3rd period - Fredrik Claesson is hit by Brett Skinner.
13:52 of 3rd period - Snap shot by Jordin Tootoo.
13:52 of 3rd period - Shot Misses the Net.
13:58 of 3rd period - Snap shot by Jordin Tootoo.
13:58 of 3rd period - Shot Blocked by Mike Blunden.
14:00 of 3rd period - Snap shot by Eriah Hayes.
14:00 of 3rd period - Shot Misses the Net.
14:24 of 3rd period - Marcel Noebels is hit by Zach Trotman and loses puck.
14:36 of 3rd period - Icing by Alexey Marchenko.
14:37 of 3rd period - Phillip Danault wins face-off versus Corey Tropp in Admirals NSH zone.
15:40 of 3rd period - Wrist shot by Jamie Tardif.
15:40 of 3rd period - Shot Blocked by Danny Syvret.
16:12 of 3rd period - Wrist shot by Mike Blunden.
16:12 of 3rd period - Stopped by Richard Bachman with a rebound.
16:22 of 3rd period - Ryan Strome is hit by Patrick Mullen and loses puck.
16:23 of 3rd period - Ryan Strome from Crunch is injured at 16:23 of 3rd period (Upper Body).
16:24 of 3rd period - Brody Sutter wins face-off versus Jordin Tootoo in Crunch zone.
16:27 of 3rd period - Snap shot by Matt Fraser.
16:27 of 3rd period - Shot Misses the Net.
16:29 of 3rd period - Wrist shot by Matt Fraser.
16:29 of 3rd period - Shot Misses the Net.
16:31 of 3rd period - Wrist shot by Fredrik Claesson.
16:31 of 3rd period - Shot Misses the Net.
16:37 of 3rd period - Slapshot by Brody Sutter.
16:37 of 3rd period - Stopped by Richard Bachman without a rebound.
16:38 of 3rd period - Jordin Tootoo wins face-off versus Brody Sutter in Crunch zone.
16:38 of 3rd period - Jordin Tootoo is hit by Brody Sutter.
17:05 of 3rd period - Backhand shot by Taylor Pyatt.
17:05 of 3rd period - Stopped by Johan Gustafsson without a rebound.
17:06 of 3rd period - Phillip Danault wins face-off versus Adam Cracknell in Admirals NSH zone.
17:28 of 3rd period - Off-side.
17:29 of 3rd period - Corban Knight wins face-off versus Adam Cracknell in neutral zone.
18:31 of 3rd period - Snap shot by Andre Petersson.
18:31 of 3rd period - Shot Misses the Net.
18:33 of 3rd period - Snap shot by Taylor Pyatt.
18:33 of 3rd period - Stopped by Johan Gustafsson with a rebound.
18:35 of 3rd period - Wrist shot by Andre Petersson.
18:35 of 3rd period - Shot Blocked by Pierre-Cedric Labrie.
18:37 of 3rd period - Slapshot by Chad Billins.
18:37 of 3rd period - Deflect By Jamie Tardif.
18:37 of 3rd period - Stopped by Johan Gustafsson without a rebound.
18:38 of 3rd period - Corey Tropp wins face-off versus Travis Oleksuk in Admirals NSH zone.
19:19 of 3rd period - Andre Petersson is hit by Brody Sutter and loses puck.
19:28 of 3rd period - Admirals NSH, Johan Gustafsson is pulled from the net.
Goals for this period are 1 for Crunch vs 0 for Admirals NSH.
Shots for this period are 14 for Crunch vs 3 for Admirals NSH.


Output by the SimonT Hockey Simulator (STHS) for Eric Dolegowski -- Original Page W3C XHTML 1.0 Valid
Hockey Simulator - Hockey Simulation - Hockey Manager